[Event "EYCC Girls-U14 2019"]
[Site "Bratislava"]
[Date "2019.08.07"]
[Round "6.20"]
[White "Puia, Alexia-Teodora"]
[Black "Mihelic, Vesna"]
[Result "0-1"]
[ECO "D35"]
[WhiteElo "1601"]
[BlackElo "1844"]
[Annotator "NA"]
[PlyCount "68"]
[EventDate "2019.08.02"]
[EventType "swiss"]
[EventCountry "SVK"]
[SourceTitle "playchess.com"]
[Source "ChessBase"]
[SourceQuality "1"]
[TimeControl "40/5400+30:1800+30"]

1. d4 d5 2. c4 e6 3. Nc3 Nf6 4. cxd5 exd5 5. Bg5 Nbd7 6. e3 Be7 7. Bd3 c6 8. Qc2 Nf8 9. Nge2 h6 10. Bf4 Ne6 11. h3 Nxf4 12. exf4 Bd6 13. g4 Bd7 14. O-O-O Qc7 15. Rde1 O-O-O 16. Qd2 Rde8 17. Kb1 Kb8 18. Rc1 Qd8 19. Ng3 g6 20. Rce1 Qc7 21. Nce2 Re7 22. f5 g5 23. h4 Nxg4 24. hxg5 Nxf2 25. Rxh6 Rhe8 26. Rg1 Nxd3 27. g6 fxg6 28. fxg6 Nf4 29. Nc3 Nh3 30. Rxh3 Bxh3 31. Qh6 Bxg3 32. Qxh3 Re1+ 33. Rxe1 Rxe1+ 34. Kc2 Re8 0-1

[Event "EYCC Girls-U14 2019"]
[Site "Bratislava"]
[Date "2019.08.07"]
[Round "6.21"]
[White "Johansson-Ohman, Linnea"]
[Black "Cornileau, Juliette"]
[Result "1/2-1/2"]
[ECO "D31"]
[WhiteElo "1529"]
[BlackElo "1805"]
[Annotator "NA"]
[PlyCount "71"]
[EventDate "2019.08.02"]
[EventType "swiss"]
[EventCountry "SVK"]
[SourceTitle "playchess.com"]
[Source "ChessBase"]
[SourceQuality "1"]
[TimeControl "40/5400+30:1800+30"]

1. c4 e6 2. d4 d5 3. Nc3 c6 4. Nf3 dxc4 5. e3 b5 6. a4 Bb4 7. Bd2 a5 8. axb5 Bxc3 9. Bxc3 cxb5 10. b3 Bb7 11. bxc4 b4 12. Bd2 Nf6 13. Bd3 O-O 14. O-O Nc6 15. Qb3 Qd7 16. Ra2 Rfd8 17. Rfa1 Qc7 18. Be2 h6 19. h3 Ne4 20. Bd3 Nxd2 21. Nxd2 Ne7 22. Be4 Bxe4 23. Nxe4 Nf5 24. Nd2 Nd6 25. Rc2 Rdc8 26. Rca2 Nxc4 27. Nxc4 Qxc4 28. Qxc4 Rxc4 29. Rxa5 Rxa5 30. Rxa5 Rc1+ 31. Kh2 Kf8 32. Rb5 Rb1 33. Rb7 g6 34. Kg3 Kg7 35. Kf3 b3 36. g3 1/2-1/2

[Event "EYCC Girls-U14 2019"]
[Site "Bratislava"]
[Date "2019.08.07"]
[Round "6.22"]
[White "Lomaia, Diana"]
[Black "Eraslan, Yagmur"]
[Result "1-0"]
[ECO "D18"]
[WhiteElo "1807"]
[BlackElo "1651"]
[Annotator "NA"]
[PlyCount "67"]
[EventDate "2019.08.02"]
[EventType "swiss"]
[EventCountry "SVK"]
[SourceTitle "playchess.com"]
[Source "ChessBase"]
[SourceQuality "1"]
[TimeControl "40/5400+30:1800+30"]

1. d4 d5 2. c4 c6 3. Nf3 Nf6 4. Nc3 dxc4 5. a4 Bf5 6. e3 e6 7. Bxc4 Bb4 8. O-O Qc7 9. Qe2 Ne4 10. Bd2 Bxc3 11. Bxc3 Nd7 12. Nd2 Nb6 13. Bb3 Nd5 14. Nxe4 Bxe4 15. f3 Bg6 16. e4 Nxc3 17. bxc3 e5 18. Rfd1 O-O 19. Kh1 Rfd8 20. Rac1 exd4 21. cxd4 Qb6 22. Qc4 Kf8 23. Rb1 Rac8 24. Ba2 Qc7 25. Qb4+ c5 26. dxc5 Rxd1+ 27. Rxd1 Qxc5 28. Qxb7 a5 29. h3 f6 30. Qb3 Qc2 31. Qg8+ Ke7 32. Qxg7+ Ke8 33. Qg8+ Ke7 34. Qe6+ 1-0

[Event "EYCC Girls-U14 2019"]
[Site "Bratislava"]
[Date "2019.08.07"]
[Round "6.23"]
[White "Zvereva, Margarita"]
[Black "Lorente Serrano, Rosa Adela"]
[Result "0-1"]
[ECO "A48"]
[WhiteElo "1693"]
[BlackElo "1788"]
[Annotator "NA"]
[PlyCount "140"]
[EventDate "2019.08.02"]
[EventType "swiss"]
[EventCountry "SVK"]
[SourceTitle "playchess.com"]
[Source "ChessBase"]
[SourceQuality "1"]
[TimeControl "40/5400+30:1800+30"]

1. d4 Nf6 2. Nf3 g6 3. Nbd2 Bg7 4. e4 d6 5. Bd3 O-O 6. O-O Nc6 7. c3 e5 8. d5 Ne7 9. h3 h6 10. Re1 Ne8 11. Nf1 f5 12. exf5 gxf5 13. Bc4 Ng6 14. Ng3 Nf6 15. Qc2 e4 16. Nd4 Ne5 17. Qb3 Nxc4 18. Qxc4 Nh7 19. Nh5 Qe7 20. Nf4 Rf7 21. Nfe6 Bxe6 22. Nxe6 Nf8 23. Nxg7 Kxg7 24. f3 Qh4 25. Be3 Re8 26. Bf2 Qg5 27. Qd4+ Kh7 28. h4 Qg6 29. f4 Rg7 30. g3 Qg4 31. Kh2 Nd7 32. b4 Reg8 33. Rg1 Qf3 34. Qe3 Qh5 35. Rae1 Nf6 36. Qe2 Qxe2 37. Rxe2 Nxd5 38. Bd4 Rg4 39. Rf2 Kg6 40. a3 Kf7 41. c4 Ne7 42. Re2 b6 43. c5 Ke6 44. cxd6 cxd6 45. Rc2 Nd5 46. Bf2 R4g7 47. Rgc1 Rd7 48. Rc8 Rdd8 49. Rxd8 Rxd8 50. Kg2 Nf6 51. Rc7 Rd7 52. Rc8 Ng4 53. Bd4 Kd5 54. Bb2 Re7 55. Kf1 a5 56. bxa5 bxa5 57. Ra8 Rb7 58. Rxa5+ Kc4 59. Bh8 Kd3 60. Rd5+ Ke3 61. Rxd6 Kf3 62. Ke1 e3 63. Kd1 e2+ 64. Kd2 Re7 65. Ke1 Nf2 66. Bc3 Re3 67. Bd2 Nd3+ 68. Rxd3 Rxd3 69. a4 Rxd2 70. Kxd2 Kf2 {[%emt 0:00:04] Ke1+} 0-1

[Event "EYCC Girls-U14 2019"]
[Site "Bratislava"]
[Date "2019.08.07"]
[Round "6.24"]
[White "Kiousi, Panagiota"]
[Black "Mikhailina, Elena"]
[Result "0-1"]
[ECO "E04"]
[WhiteElo "1895"]
[BlackElo "1689"]
[Annotator "NA"]
[PlyCount "132"]
[EventDate "2019.08.02"]
[EventType "swiss"]
[EventCountry "SVK"]
[SourceTitle "playchess.com"]
[Source "ChessBase"]
[SourceQuality "1"]
[TimeControl "40/5400+30:1800+30"]

1. d4 d5 2. c4 e6 3. Nf3 Nf6 4. g3 dxc4 5. Bg2 Nc6 6. O-O Rb8 7. a4 b6 8. Nc3 Bb7 9. e3 Be7 10. Qe2 Na5 11. Nd2 Bxg2 12. Kxg2 Nd5 13. e4 Nb4 14. Nxc4 Nb3 15. Rb1 Nxd4 16. Qg4 h5 17. Qd1 c5 18. Be3 Nbc6 19. f4 Qd7 20. Qe1 Nc2 21. Qf2 Nxe3+ 22. Nxe3 Nd4 23. Rbe1 Rd8 24. h3 Bf6 25. Rd1 Qc8 26. Kh2 Be7 27. Nc4 Qc7 28. Rde1 O-O 29. Ne3 Bf6 30. g4 hxg4 31. hxg4 g5 32. e5 gxf4 33. exf6 fxe3+ 34. Qg3 Qxg3+ 35. Kxg3 Nc2 36. Re2 Rd2 37. Rxd2 exd2 38. Kf2 Rd8 39. Rd1 Kh7 40. Ne4 Rd4 41. Kf3 Rd3+ 42. Kf2 Ne3 43. Rxd2 Rxd2+ 44. Nxd2 Nxg4+ 45. Kf3 Nxf6 46. Nc4 Nd5 47. Ke4 f6 48. a5 Kg6 49. Nd6 Nb4 50. Nc8 bxa5 51. Nxa7 f5+ 52. Ke3 Kg5 53. Nb5 f4+ 54. Ke2 Kg4 55. Nc3 f3+ 56. Kf1 Nd3 57. Nd1 Kf4 58. b3 Nc1 59. Nb2 Nxb3 60. Kf2 e5 61. Nd3+ Ke4 62. Ne1 a4 63. Nxf3 a3 64. Ne1 a2 65. Nc2 a1=Q 66. Nxa1 Nxa1 0-1

[Event "EYCC Girls-U14 2019"]
[Site "Bratislava"]
[Date "2019.08.08"]
[Round "7.1"]
[White "Allahverdiyeva, Ayan"]
[Black "Nur-Mukhametova, Alisa"]
[Result "1/2-1/2"]
[ECO "B81"]
[WhiteElo "2114"]
[BlackElo "2132"]
[Annotator "NA"]
[PlyCount "68"]
[EventDate "2019.08.02"]
[EventType "swiss"]
[EventCountry "SVK"]
[SourceTitle "playchess.com"]
[Source "ChessBase"]
[SourceQuality "1"]
[TimeControl "40/5400+30:1800+30"]

1. e4 c5 2. Nf3 e6 3. d4 cxd4 4. Nxd4 Nf6 5. Nc3 d6 6. g4 h6 7. Rg1 Nc6 8. Be3 Be7 9. Qf3 Nxd4 10. Bxd4 e5 11. Be3 Be6 12. Bb5+ Nd7 13. Ba4 O-O 14. O-O-O Nb6 15. Bb3 Nc4 16. Bxc4 Bxc4 17. g5 Bxg5 18. Bxg5 hxg5 19. Qh5 f6 20. h4 Qe8 21. Qg4 Be6 22. Qg3 g4 23. f3 Qc6 24. fxg4 b5 25. g5 f5 26. g6 fxe4 27. Qg5 Rf5 28. Qe7 d5 29. Rgf1 Re8 30. Qxa7 Ra8 31. Qe7 Re8 32. Qa7 Ra8 33. Qe7 Re8 34. Qa7 Ra8 1/2-1/2

[Event "EYCC Girls-U14 2019"]
[Site "Bratislava"]
[Date "2019.08.08"]
[Round "7.2"]
[White "Zeliantsova, Kseniya"]
[Black "Roebers, Eline"]
[Result "0-1"]
[ECO "B40"]
[WhiteElo "1875"]
[BlackElo "2111"]
[Annotator "NA"]
[PlyCount "100"]
[EventDate "2019.08.02"]
[EventType "swiss"]
[EventCountry "SVK"]
[SourceTitle "playchess.com"]
[Source "ChessBase"]
[SourceQuality "1"]
[TimeControl "40/5400+30:1800+30"]

1. e4 c5 2. Nf3 e6 3. c4 Nc6 4. Nc3 Nd4 5. Nxd4 cxd4 6. Ne2 e5 7. d3 g6 8. Ng3 h5 9. Be2 Bh6 10. Bxh6 Nxh6 11. Qd2 d6 12. h3 Kf8 13. Qb4 Kg7 14. O-O h4 15. Nh1 g5 16. f3 Ng8 17. c5 dxc5 18. Qxc5 Qe7 19. Rac1 b6 20. Qd5 Bb7 21. Qb5 Nf6 22. Nf2 Nh5 23. Ng4 f6 24. Kf2 Rhc8 25. a4 Rc7 26. b3 Rac8 27. Rc4 Rxc4 28. bxc4 Bc6 29. Qb3 Qc7 30. Rc1 Bd7 31. Rb1 Nf4 32. Rb2 Ne6 33. Bd1 Nc5 34. Qa3 Rb8 35. a5 b5 36. Bc2 a6 37. Kg1 Be8 38. Bb1 Rb7 39. Ba2 bxc4 40. Bxc4 Rxb2 41. Qxb2 Bd7 42. f4 Bxg4 43. hxg4 gxf4 44. Qf2 Nxe4 45. Qxh4 Ng5 46. Qh5 Qc6 47. Kf2 e4 48. Qh1 e3+ 49. Ke2 Qb7 50. Qe1 f3+ 0-1

[Event "EYCC Girls-U14 2019"]
[Site "Bratislava"]
[Date "2019.08.08"]
[Round "7.3"]
[White "Yakimova, Mariya"]
[Black "Pipiras, Filipa Fortuna"]
[Result "1-0"]
[ECO "E10"]
[WhiteElo "2308"]
[BlackElo "1959"]
[Annotator "NA"]
[PlyCount "103"]
[EventDate "2019.08.02"]
[EventType "swiss"]
[EventCountry "SVK"]
[SourceTitle "playchess.com"]
[Source "ChessBase"]
[SourceQuality "1"]
[TimeControl "40/5400+30:1800+30"]

1. d4 Nf6 2. c4 e6 3. Nf3 d5 4. g3 Bb4+ 5. Bd2 Bd6 6. Bg2 c6 7. Qc2 O-O 8. O-O Nbd7 9. b3 Ne4 10. Nc3 f5 11. Rae1 Nxd2 12. Nxd2 Nf6 13. Nf3 Bd7 14. e3 Ne4 15. Ne2 Qf6 16. Nf4 Rad8 17. Nd3 Qe7 18. c5 Bc7 19. b4 b6 20. Nfe5 bxc5 21. bxc5 a5 22. Rb1 Rb8 23. f3 Nf6 24. Rb3 Rxb3 25. axb3 Rb8 26. Rb1 Qe8 27. Qa2 Qc8 28. Bf1 Be8 29. Qa4 Bd8 30. b4 Qc7 31. Ra1 Ra8 32. Nf4 Bd7 33. b5 cxb5 34. Bxb5 Bxb5 35. Qxb5 Qc8 36. Qc6 Qxc6 37. Nxc6 Kf7 38. Nxd8+ Rxd8 39. Rxa5 Rd7 40. Ra6 Re7 41. Nd3 Rb7 42. Kf2 Ke7 43. Nf4 Rb2+ 44. Kf1 Rxh2 45. Ra7+ Ke8 46. Nxe6 g6 47. c6 Rc2 48. Nc5 Kd8 49. Rf7 Nh5 50. Nb7+ Ke8 51. Nd6+ Kd8 52. Rd7# 1-0

[Event "EYCC Girls-U14 2019"]
[Site "Bratislava"]
[Date "2019.08.08"]
[Round "7.4"]
[White "Kirchei, Viktoriia"]
[Black "Mironenko, Galina"]
[Result "1-0"]
[ECO "A05"]
[WhiteElo "2006"]
[BlackElo "1995"]
[Annotator "NA"]
[PlyCount "101"]
[EventDate "2019.08.02"]
[EventType "swiss"]
[EventCountry "SVK"]
[SourceTitle "playchess.com"]
[Source "ChessBase"]
[SourceQuality "1"]
[TimeControl "40/5400+30:1800+30"]

1. Nf3 Nf6 2. c4 e6 3. g3 d5 4. Bg2 c5 5. O-O Nc6 6. d3 Be7 7. Bf4 O-O 8. Qc2 Nh5 9. Be3 d4 10. Bd2 e5 11. a3 a5 12. e4 f5 13. exf5 Bxf5 14. Re1 Qd6 15. Ng5 Bxg5 16. Bxg5 Qg6 17. Bh4 Bxd3 18. Qb3 e4 19. Nd2 Rfe8 20. Qxb7 Rab8 21. Qd7 Kh8 22. b3 Re6 23. Bh3 Re5 24. Bg2 Qe8 25. Qxe8+ Rbxe8 26. f4 exf3 27. Nxf3 Rxe1+ 28. Rxe1 Bg6 29. Rxe8+ Bxe8 30. Nd2 Ne5 31. Be7 Nd3 32. Be4 Nc1 33. Bxc5 Nf6 34. Bf3 d3 35. Kf2 a4 36. b4 Bf7 37. Bd4 Nb3 38. Nxb3 axb3 39. c5 Ne8 40. Ke3 Bc4 41. Be4 Bb5 42. Bxd3 Ba4 43. Be5 Nf6 44. Bxf6 gxf6 45. Kd4 h5 46. Kc3 h4 47. b5 hxg3 48. hxg3 b2 49. Kxb2 f5 50. c6 f4 51. c7 1-0

[Event "EYCC Girls-U14 2019"]
[Site "Bratislava"]
[Date "2019.08.08"]
[Round "7.5"]
[White "Anacoglu, Cisel"]
[Black "Hrebenshchykova, Yelyzaveta"]
[Result "0-1"]
[ECO "B80"]
[WhiteElo "1813"]
[BlackElo "1879"]
[Annotator "NA"]
[PlyCount "120"]
[EventDate "2019.08.02"]
[EventType "swiss"]
[EventCountry "SVK"]
[SourceTitle "playchess.com"]
[Source "ChessBase"]
[SourceQuality "1"]
[TimeControl "40/5400+30:1800+30"]

1. e4 c5 2. Nf3 e6 3. d4 cxd4 4. Nxd4 Nf6 5. Nc3 d6 6. g3 Be7 7. Bg2 O-O 8. O-O a6 9. Re1 Qc7 10. a4 Bd7 11. Be3 Nc6 12. Nxc6 Bxc6 13. a5 Rac8 14. Bb6 Qb8 15. Na4 Nd7 16. Bd4 Nc5 17. Nb6 Rcd8 18. c4 e5 19. Bc3 Bf6 20. Rb1 Nd7 21. Nxd7 Bxd7 22. Bb4 Be6 23. b3 Be7 24. f4 b5 25. Bd2 f6 26. f5 Bf7 27. Be3 Rc8 28. cxb5 Qxb5 29. Bb6 Bd8 30. Qxd6 Rc6 31. Qd2 Bxb6+ 32. axb6 Qxb6+ 33. Qe3 Qb4 34. Rec1 Rxc1+ 35. Rxc1 Qxb3 36. Qxb3 Bxb3 37. Bf1 a5 38. Bc4+ Bxc4 39. Rxc4 Ra8 40. Kf2 a4 41. Ke3 Kf8 42. Kd3 a3 43. Rc1 Ke7 44. Ra1 Kd6 45. Kc4 Kc6 46. Kb4 a2 47. Rc1+ Kb6 48. Ra1 Ra7 49. g4 h6 50. h4 Ra8 51. Kc4 Ra4+ 52. Kd5 Kb5 53. g5 hxg5 54. hxg5 Kb4 55. gxf6 gxf6 56. Ke6 Ra6+ 57. Kf7 Kb3 58. Rh1 a1=Q 59. Rxa1 Rxa1 60. Kxf6 Ra5 0-1

[Event "EYCC Girls-U14 2019"]
[Site "Bratislava"]
[Date "2019.08.08"]
[Round "7.6"]
[White "Bashylina, Luisa"]
[Black "Wikar, Martyna"]
[Result "1-0"]
[ECO "B30"]
[WhiteElo "1989"]
[BlackElo "1951"]
[Annotator "NA"]
[PlyCount "101"]
[EventDate "2019.08.02"]
[EventType "swiss"]
[EventCountry "SVK"]
[SourceTitle "playchess.com"]
[Source "ChessBase"]
[SourceQuality "1"]
[TimeControl "40/5400+30:1800+30"]

1. e4 c5 2. Nf3 Nc6 3. Bb5 d6 4. d4 cxd4 5. Qxd4 Bd7 6. Bxc6 Bxc6 7. Nc3 e5 8. Qd3 h6 9. Nd2 Nf6 10. Nc4 Be7 11. Ne3 g6 12. O-O Qd7 13. b4 a6 14. a4 Qe6 15. Bd2 O-O 16. b5 axb5 17. axb5 Bd7 18. Ned5 Nxd5 19. Nxd5 Rxa1 20. Rxa1 Bg5 21. Bb4 Rc8 22. c4 Bd8 23. h3 f5 24. f3 Kg7 25. Ra7 fxe4 26. fxe4 b6 27. Ne3 Bg5 28. Nd5 Bd8 29. Rb7 Kg8 30. Bxd6 Qxd6 31. Rxd7 Qc5+ 32. Kh2 Qf2 33. Qg3 Qxg3+ 34. Kxg3 h5 35. Rd6 Kf7 36. Kf3 Kg7 37. Ke2 g5 38. Kd3 Ra8 39. Kc3 g4 40. hxg4 hxg4 41. Kb3 Kf7 42. Nxb6 Bxb6 43. Rxb6 Rd8 44. Kc3 Rd1 45. Rb7+ Kf6 46. c5 Rc1+ 47. Kb4 g3 48. c6 Rc2 49. c7 Ke6 50. Rb6+ Kd7 51. Rc6 1-0

[Event "EYCC Girls-U14 2019"]
[Site "Bratislava"]
[Date "2019.08.08"]
[Round "7.7"]
[White "Sumarriva Paulin, Laura"]
[Black "Tarasenka, Aliaksandra"]
[Result "1/2-1/2"]
[ECO "A84"]
[WhiteElo "1928"]
[BlackElo "2192"]
[Annotator "NA"]
[PlyCount "76"]
[EventDate "2019.08.02"]
[EventType "swiss"]
[EventCountry "SVK"]
[SourceTitle "playchess.com"]
[Source "ChessBase"]
[SourceQuality "1"]
[TimeControl "40/5400+30:1800+30"]

1. d4 f5 2. c4 g6 3. Nc3 Bg7 4. Nf3 d6 5. e3 Nf6 6. Be2 O-O 7. O-O Nc6 8. d5 Ne5 9. Nxe5 dxe5 10. e4 f4 11. c5 g5 12. Qb3 Kh8 13. Rd1 g4 14. Bd2 Qe8 15. Nb5 Nxe4 16. Nxc7 Qh5 17. Nxa8 f3 18. Bf1 Nxf2 19. g3 Nxd1 20. Rxd1 f2+ 21. Kh1 Bf5 22. Qe3 Rxa8 23. Qxf2 Rf8 24. Qe3 Bc2 25. Rc1 Rf6 26. Bg2 Bh6 27. Qe2 Bxd2 28. Rxc2 Ba5 29. c6 bxc6 30. dxc6 Bc7 31. Qa6 Qf5 32. Rc1 Bb6 33. Rf1 Qe6 34. Rxf6 Qxf6 35. Qc8+ Kg7 36. Qxg4+ Qg6 37. Qxg6+ hxg6 38. Be4 g5 1/2-1/2

[Event "EYCC Girls-U14 2019"]
[Site "Bratislava"]
[Date "2019.08.08"]
[Round "7.8"]
[White "Bondareva, Daria"]
[Black "Kozachenko, Maria"]
[Result "1/2-1/2"]
[ECO "B50"]
[WhiteElo "1998"]
[BlackElo "1862"]
[Annotator "NA"]
[PlyCount "160"]
[EventDate "2019.08.02"]
[EventType "swiss"]
[EventCountry "SVK"]
[SourceTitle "playchess.com"]
[Source "ChessBase"]
[SourceQuality "1"]
[TimeControl "40/5400+30:1800+30"]

1. e4 c5 2. Nf3 d6 3. c3 Nf6 4. Bd3 e6 5. O-O Be7 6. Bc2 Nbd7 7. Qe2 Qc7 8. d4 e5 9. dxe5 dxe5 10. a4 Nf8 11. Na3 Ng6 12. h3 Nh5 13. Nc4 Nhf4 14. Bxf4 Nxf4 15. Qd2 f6 16. Ne3 Be6 17. c4 g6 18. Nd5 Nxd5 19. cxd5 Bd7 20. Qc3 O-O 21. Nd2 a6 22. a5 Bb5 23. Bd3 Kg7 24. Qb3 Qd7 25. Rfd1 Bd6 26. Bc4 Rfb8 27. Qc3 Qc7 28. Qd3 Bd7 29. Nb1 f5 30. Nc3 f4 31. Rdb1 Rf8 32. Qf3 Qd8 33. Ra3 Rb8 34. Nd1 h5 35. Rba1 Qh4 36. Be2 Rh8 37. Qb3 c4 38. Qb6 Bxa3 39. Rxa3 Qe7 40. Bxc4 Rhd8 41. Be2 Be8 42. Rc3 Qd6 43. Rc7+ Kf6 44. Rxb7 Qxb6 45. Rxb6+ Rxb6 46. axb6 Rb8 47. Bxa6 Rxb6 48. Bd3 Ke7 49. Kf1 Kd6 50. h4 Kc5 51. Bc2 Kd4 52. Ke1 Bb5 53. f3 Bc4 54. Ba4 Bb3 55. Bxb3 Rxb3 56. Kd2 Rb7 57. Ke2 Kc4 58. Kd2 g5 59. hxg5 Rg7 60. Ke2 Rxg5 61. Kf2 Rg6 62. Kg1 Kb3 63. Nf2 Kc2 64. b4 Rb6 65. Kh2 Rxb4 66. g3 fxg3+ 67. Kxg3 Kd2 68. Nh3 Ke3 69. Ng5 Rb1 70. Nf7 Rg1+ 71. Kh2 Rg7 72. Nxe5 Kf4 73. Nc6 Kxf3 74. d6 Kxe4 75. Ne7 Kf3 76. Nc6 Rg2+ 77. Kh3 Rg1 78. Kh2 Rd1 79. d7 Rd2+ 80. Kh3 Rxd7 1/2-1/2

[Event "EYCC Girls-U14 2019"]
[Site "Bratislava"]
[Date "2019.08.08"]
[Round "7.9"]
[White "Hakobyan, Astghik"]
[Black "Lhotska, Anna"]
[Result "1-0"]
[ECO "B56"]
[WhiteElo "1916"]
[BlackElo "1966"]
[Annotator "NA"]
[PlyCount "69"]
[EventDate "2019.08.02"]
[EventType "swiss"]
[EventCountry "SVK"]
[SourceTitle "playchess.com"]
[Source "ChessBase"]
[SourceQuality "1"]
[TimeControl "40/5400+30:1800+30"]

1. e4 c5 2. Nf3 d6 3. d4 cxd4 4. Nxd4 Nf6 5. Nc3 Nc6 6. Nb3 e6 7. Be3 Be7 8. f3 a6 9. Qd2 b5 10. g4 Bb7 11. O-O-O Ne5 12. Qf2 Rc8 13. Bb6 Qd7 14. Bd4 Nc4 15. g5 Nh5 16. Qh4 e5 17. Qxh5 exd4 18. Nxd4 g6 19. Qh4 b4 20. Nd5 Bxd5 21. exd5 O-O 22. Bxc4 Rxc4 23. f4 f6 24. Qg3 fxg5 25. fxg5 Rfc8 26. Kb1 a5 27. h4 Bf8 28. h5 Bg7 29. Nc6 Re8 30. hxg6 hxg6 31. Qh2 Ree4 32. Qh7+ Kf7 33. b3 Qf5 34. bxc4 Qf2 35. Rhf1 1-0

[Event "EYCC Girls-U14 2019"]
[Site "Bratislava"]
[Date "2019.08.08"]
[Round "7.10"]
[White "Toth, Nikoletta"]
[Black "Tsotsonava, Elene"]
[Result "0-1"]
[ECO "D00"]
[WhiteElo "2023"]
[BlackElo "1878"]
[Annotator "NA"]
[PlyCount "86"]
[EventDate "2019.08.02"]
[EventType "swiss"]
[EventCountry "SVK"]
[SourceTitle "playchess.com"]
[Source "ChessBase"]
[SourceQuality "1"]
[TimeControl "40/5400+30:1800+30"]

1. d4 d5 2. Bf4 c5 3. e3 Nc6 4. c3 Nf6 5. Nf3 Qb6 6. Qc2 Bf5 7. dxc5 Bxc2 8. cxb6 axb6 9. Na3 e5 10. Nxc2 exf4 11. exf4 Bd6 12. g3 O-O 13. Bd3 Rfe8+ 14. Kf1 Ne4 15. Kg2 Bc5 16. Rhf1 Rad8 17. Rad1 f5 18. Bb5 Nd6 19. Bxc6 bxc6 20. b4 Re2 21. Rd2 Rde8 22. bxc5 bxc5 23. Ne3 R8xe3 24. Rxe2 Rxe2 25. Ne5 Rxa2 26. Nxc6 Kf7 27. Ne5+ Ke6 28. Nd3 Ne4 29. Rb1 c4 30. Rb6+ Ke7 31. Ne5 Nxc3 32. Rb7+ Kd6 33. Rxg7 Ne4 34. Rxh7 Rxf2+ 35. Kg1 c3 36. Rh6+ Ke7 37. Rh7+ Kd6 38. Rh6+ Kc5 39. Nd3+ Kb5 40. Nxf2 Nxf2 41. Rh8 Ne4 42. Ra8 c2 43. Ra1 d4 0-1

[Event "EYCC Girls-U14 2019"]
[Site "Bratislava"]
[Date "2019.08.08"]
[Round "7.11"]
[White "Sovina, Maria"]
[Black "Zhou, Lulu"]
[Result "1-0"]
[ECO "D35"]
[WhiteElo "1906"]
[BlackElo "1952"]
[Annotator "NA"]
[PlyCount "81"]
[EventDate "2019.08.02"]
[EventType "swiss"]
[EventCountry "SVK"]
[SourceTitle "playchess.com"]
[Source "ChessBase"]
[SourceQuality "1"]
[TimeControl "40/5400+30:1800+30"]

1. d4 d5 2. c4 e6 3. Nc3 Nf6 4. cxd5 exd5 5. Bg5 Nbd7 6. e3 c6 7. Bd3 Be7 8. Nge2 h6 9. Bh4 Nb6 10. f3 a5 11. O-O O-O 12. e4 dxe4 13. fxe4 c5 14. d5 Ng4 15. Bxe7 Qxe7 16. Qd2 Ne5 17. Ng3 Bg4 18. h3 Qh4 19. Qe3 Bd7 20. Nf5 Bxf5 21. Rxf5 Nxd3 22. Qxd3 g6 23. Rf2 Qe7 24. Qb5 Nc8 25. Re1 b6 26. e5 Nd6 27. Qxb6 Nc4 28. Qf6 Qxf6 29. Rxf6 Kg7 30. Rf2 Rfe8 31. Rfe2 Rad8 32. d6 Nb6 33. Nb5 Nd5 34. Rc2 Nf4 35. Nc7 Rf8 36. Re4 Ne6 37. Nxe6+ fxe6 38. Rxc5 Rb8 39. b3 Rfc8 40. Rxc8 Rxc8 41. Rc4 1-0

[Event "EYCC Girls-U14 2019"]
[Site "Bratislava"]
[Date "2019.08.08"]
[Round "7.12"]
[White "Mihelic, Vesna"]
[Black "Toncheva, Nadya"]
[Result "1-0"]
[ECO "B53"]
[WhiteElo "1831"]
[BlackElo "2137"]
[Annotator "NA"]
[PlyCount "111"]
[EventDate "2019.08.02"]
[EventType "swiss"]
[EventCountry "SVK"]
[SourceTitle "playchess.com"]
[Source "ChessBase"]
[SourceQuality "1"]
[TimeControl "40/5400+30:1800+30"]

1. e4 c5 2. Nf3 d6 3. d4 cxd4 4. Qxd4 a6 5. h3 Nc6 6. Qe3 Nf6 7. c4 g6 8. Nc3 Bg7 9. Be2 O-O 10. O-O Nd7 11. b3 Nde5 12. Bb2 f5 13. exf5 Bxf5 14. Rad1 Qc8 15. Nxe5 Bxe5 16. f4 Bg7 17. g4 Bd7 18. Na4 Bxb2 19. Nxb2 Qc7 20. c5 Be8 21. cxd6 exd6 22. Qe6+ Bf7 23. Qxd6 Qb6+ 24. Kh2 Rfe8 25. Bf3 Rad8 26. Qf6 Rxd1 27. Nxd1 Qb4 28. Bxc6 bxc6 29. Qc3 Re2+ 30. Kg3 Qe4 31. Qf3 Qe8 32. Rf2 Re1 33. Rf1 Bd5 34. Qd3 g5 35. fxg5 Re2 36. Rf2 Qe5+ 37. Kh4 Re4 38. Qf3 Qe7 39. Qf6 Qxf6 40. gxf6 Kf7 41. Nc3 Re3 42. Nxd5 cxd5 43. Rd2 Re5 44. g5 Kg6 45. Rf2 Re4+ 46. Kg3 Kf7 47. Rf4 Re2 48. Ra4 Re6 49. Rd4 Rd6 50. Kg4 h6 51. h4 hxg5 52. hxg5 Ke6 53. Rf4 Kf7 54. g6+ Kf8 55. Kf5 d4 56. Rh4 1-0

[Event "EYCC Girls-U14 2019"]
[Site "Bratislava"]
[Date "2019.08.08"]
[Round "7.13"]
[White "Lorente Serrano, Rosa Adela"]
[Black "Reuter, Elisa"]
[Result "0-1"]
[ECO "B38"]
[WhiteElo "1810"]
[BlackElo "1930"]
[Annotator "NA"]
[PlyCount "86"]
[EventDate "2019.08.02"]
[EventType "swiss"]
[EventCountry "SVK"]
[SourceTitle "playchess.com"]
[Source "ChessBase"]
[SourceQuality "1"]
[TimeControl "40/5400+30:1800+30"]

1. e4 c5 2. Nf3 Nc6 3. d4 cxd4 4. Nxd4 g6 5. c4 Bg7 6. Be3 Nf6 7. Nc3 d6 8. Be2 O-O 9. O-O Bd7 10. h3 Nxd4 11. Bxd4 Bc6 12. Qc2 a5 13. Rad1 Qc7 14. Nd5 Bxd5 15. exd5 Rac8 16. b3 Rfd8 17. a4 b6 18. Rfe1 Rb8 19. Qb2 Rb7 20. Bf3 Ne8 21. Bxg7 Nxg7 22. g4 h6 23. Qd2 Kh7 24. Qf4 Rf8 25. Re3 Qd8 26. Qd4 f5 27. Rde1 Rf7 28. h4 fxg4 29. Bxg4 h5 30. Be6 Rf6 31. Rg3 Qf8 32. Qd3 Rc7 33. Re2 Rc5 34. Ree3 Nxe6 35. Rxe6 Rxe6 36. dxe6 Qf5 37. Qxf5 Rxf5 38. Kg2 Kg7 39. Rf3 Rxf3 40. Kxf3 Kf6 41. Kf4 Kxe6 42. Kg5 Kf7 43. f4 e6 0-1

[Event "EYCC Girls-U14 2019"]
[Site "Bratislava"]
[Date "2019.08.08"]
[Round "7.14"]
[White "Cornileau, Juliette"]
[Black "Sevcikova, Lucia"]
[Result "1-0"]
[ECO "D02"]
[WhiteElo "1805"]
[BlackElo "1903"]
[Annotator "NA"]
[PlyCount "123"]
[EventDate "2019.08.02"]
[EventType "swiss"]
[EventCountry "SVK"]
[SourceTitle "playchess.com"]
[Source "ChessBase"]
[SourceQuality "1"]
[TimeControl "40/5400+30:1800+30"]

1. d4 d5 2. Nf3 Nf6 3. Bf4 e6 4. e3 c5 5. c3 Nc6 6. Nbd2 Bd6 7. Bg3 O-O 8. Bd3 b6 9. O-O Bb7 10. Ne5 Qc7 11. f4 c4 12. Bc2 b5 13. Qf3 a5 14. Bh4 Nd7 15. Qh5 f5 16. Ndf3 Nf6 17. Bxf6 Rxf6 18. Ng5 h6 19. Ngf3 Kh7 20. g4 g6 21. Qh4 Kg7 22. g5 hxg5 23. fxg5 Rff8 24. Qh6+ Kg8 25. Qxg6+ Kh8 26. Qh6+ Qh7 27. Ng6+ Kg8 28. Qxh7+ Kxh7 29. Nxf8+ Rxf8 30. h4 Kg6 31. Kg2 Rh8 32. Rh1 Rh5 33. Ng1 Kg7 34. Ne2 Ne7 35. Nf4 Bxf4 36. exf4 Ng6 37. Kg3 Bc6 38. Rae1 Nf8 39. Bd1 Rh8 40. h5 Bd7 41. Reg1 Kh7 42. Kf2 Rg8 43. Ke3 Bc6 44. Rg3 Be8 45. Rhg1 Rg7 46. Be2 Nd7 47. Kf2 Nf8 48. Bf3 Bc6 49. Re1 Bd7 50. Re2 Bc8 51. Re1 Bd7 52. h6 Rg8 53. Bh5 Ng6 54. Rf3 Bc8 55. Kg3 Bd7 56. Rfe3 Re8 57. R3e2 Re7 58. Bf3 Rf7 59. Rxe6 Bxe6 60. Rxe6 Ne7 61. Bh5 Rf8 62. Rxe7+ 1-0